TOP OF THE 1ST |
Salem-Keizer Volcanoes batting - Pitching for Auburn Doubledays : RHP Jayden Taylor
|
Pitching: RHP Jayden Taylor
|
|
Batting: RHB Devin Lowery
|
0-0: DOUBLE (Line Drive, 89D, EV 105.0 MPH)
|
Batting: RHB Troy Trice
|
0-0: Ball Devin Lowery steals 3rd base 1-0: Ball 2-0: Called Strike 2-1: Swinging Strike 2-2: Fly out, F7 (Flyball, 7LSF, EV 97.5 MPH)
|
Batting: LHB Nate Conley
|
0-0: Called Strike 0-1: Ball 1-1: Called Strike 1-2: Ground out U3 (Groundball, 3, EV 105.0 MPH)
|
Batting: RHB Frank Pena
|
0-0: TRIPLE (Flyball, 89XD, EV 100.0 MPH) Devin Lowery scores
|
Batting: LHB James Wheaton
|
0-0: Foul Ball, location: 2F 0-1: Foul Ball, location: 2F 0-2: Strikes out swinging
|
Top of the 1st over - 1 run, 2 hits, 0 errors, 1 left on base; Salem-Keizer 1 - Auburn 0 |
BOTTOM OF THE 1ST |
Auburn Doubledays batting - Pitching for Salem-Keizer Volcanoes : LHP Jack Klein
|
Pitching: LHP Jack Klein
|
|
Batting: RHB Bobby Bricker
|
0-0: Swinging Strike 0-1: Called Strike 0-2: Ball 1-2: Ball 2-2: Ball 3-2: Strikes out swinging
|
Batting: RHB Tylor Cyr
|
0-0: Ground out 6-3 (Groundball, 56, EV 84.4 MPH)
|
Batting: RHB Jesus Malave
|
0-0: Swinging Strike 0-1: Ball 1-1: Ground out U3 (Groundball, 3S, EV 70.0 MPH)
|
Bottom of the 1st over - 0 runs, 0 hits, 0 errors, 0 left on base; Salem-Keizer 1 - Auburn 0 |
TOP OF THE 2ND |
Salem-Keizer Volcanoes batting - Pitching for Auburn Doubledays : RHP Jayden Taylor
|
Batting: RHB Teruhide Horiuchi
|
0-0: Foul Ball, location: 2F 0-1: Ball 1-1: SINGLE (Groundball, 6MD, EV 105.0 MPH)
|
Batting: RHB Bob Schweiger
|
0-0: Swinging Strike 0-1: Foul Ball, location: 2F 0-2: Strikes out swinging
|
Batting: RHB Gabe Ochoa
|
0-0: Foul Ball, location: 2F 0-1: Ball 1-1: Foul Ball, location: 2F 1-2: Strikes out swinging
|
Batting: RHB Willie Sanchez
|
0-0: Ball 1-0: Ball 2-0: Ball 3-0: Called Strike 3-1: Called Strike 3-2: Foul Ball, location: 2F 3-2: Ground out U3 (Groundball, 34, EV 106.2 MPH)
|
Top of the 2nd over - 0 runs, 1 hit, 0 errors, 1 left on base; Salem-Keizer 1 - Auburn 0 |
BOTTOM OF THE 2ND |
Auburn Doubledays batting - Pitching for Salem-Keizer Volcanoes : LHP Jack Klein
|
Batting: RHB Deshawn Boseman
|
0-0: Ball 1-0: Ground out 6-3 (Groundball, 6, EV 90.0 MPH)
|
Batting: RHB Leo Gutierrez
|
0-0: Ball 1-0: Ground out 5-3 (Groundball, 56S, EV 83.1 MPH)
|
Batting: SHB Ed Thorpe Jr.
|
0-0: Called Strike 0-1: Ball 1-1: Ball 2-1: Called Strike 2-2: Ball 3-2: TRIPLE (Flyball, 7D, EV 110.6 MPH)
|
Batting: RHB Er Le
|
0-0: Ball 1-0: Ball 2-0: Called Strike 2-1: TRIPLE (Line Drive, 89XD, EV 108.1 MPH) Ed Thorpe Jr. scores
|
Batting: RHB Derek Moran
|
0-0: Foul Ball, location: 2F 0-1: Ball 1-1: Swinging Strike 1-2: SINGLE (Groundball, 4S, EV 70.6 MPH) (infield hit) Er Le scores
|
Batting: RHB Jelexiz Cuenca
|
0-0: Called Strike 0-1: Ball Derek Moran steals 2nd base 1-1: Called Strike 1-2: Ball 2-2: Ball 3-2: Ground out 6-3 (Groundball, 6, EV 83.8 MPH)
|
Bottom of the 2nd over - 2 runs, 3 hits, 0 errors, 1 left on base; Salem-Keizer 1 - Auburn 2 |
TOP OF THE 3RD |
Salem-Keizer Volcanoes batting - Pitching for Auburn Doubledays : RHP Jayden Taylor
|
Batting: RHB Devin Lowery
|
0-0: Fly out, F9 (Flyball, 89D, EV 93.8 MPH)
|
Batting: RHB Troy Trice
|
0-0: Swinging Strike 0-1: Ball 1-1: Swinging Strike 1-2: Strikes out swinging
|
Batting: LHB Nate Conley
|
0-0: Ball 1-0: Foul Ball, location: 2F 1-1: Ball 2-1: Ball 3-1: Ground out 5-3 (Groundball, 6, EV 108.8 MPH)
|
Top of the 3rd over - 0 runs, 0 hits, 0 errors, 0 left on base; Salem-Keizer 1 - Auburn 2 |
BOTTOM OF THE 3RD |
Auburn Doubledays batting - Pitching for Salem-Keizer Volcanoes : LHP Jack Klein
|
Batting: RHB Bobby Bricker
|
0-0: Called Strike 0-1: Ball 1-1: Foul Ball, location: 2F 1-2: Ball 2-2: Ball 3-2: Base on Balls
|
Batting: RHB Tylor Cyr
|
0-0: Ball 1-0: Called Strike 1-1: Swinging Strike 1-2: Strikes out swinging Bobby Bricker steals 2nd base (no throw) Batter strikes out.
|
Batting: RHB Jesus Malave
|
0-0: Ball Bobby Bricker steals 3rd base 1-0: Ball 2-0: Ball 3-0: Fly out, F7 (Flyball, 7S, EV 89.4 MPH)
|
Batting: RHB Deshawn Boseman
|
0-0: Ball 1-0: Swinging Strike 1-1: Swinging Strike 1-2: Ball 2-2: Strikes out swinging
|
Bottom of the 3rd over - 0 runs, 0 hits, 0 errors, 1 left on base; Salem-Keizer 1 - Auburn 2 |
TOP OF THE 4TH |
Salem-Keizer Volcanoes batting - Pitching for Auburn Doubledays : RHP Jayden Taylor
|
Batting: RHB Frank Pena
|
0-0: Called Strike 0-1: Ball 1-1: Ball 2-1: Ground out 5-3 (Groundball, 56S, EV 76.2 MPH)
|
Batting: LHB James Wheaton
|
0-0: Ball 1-0: Ball 2-0: Ball 3-0: Base on Balls
|
Batting: RHB Teruhide Horiuchi
|
0-0: Ball Passed Ball! James Wheaton to second 1-0: Foul Ball, location: 2F 1-1: Ground out 4-3 (Groundball, 34, EV 91.2 MPH) James Wheaton to third
|
Batting: RHB Bob Schweiger
|
0-0: Called Strike 0-1: Ball 1-1: Ball 2-1: Ground out 6-3 (Groundball, 6, EV 80.0 MPH)
|
Top of the 4th over - 0 runs, 0 hits, 0 errors, 1 left on base; Salem-Keizer 1 - Auburn 2 |
BOTTOM OF THE 4TH |
Auburn Doubledays batting - Pitching for Salem-Keizer Volcanoes : LHP Jack Klein
|
Batting: RHB Leo Gutierrez
|
0-0: Ball 1-0: SINGLE (Line Drive, 89M, EV 95.0 MPH)
|
Batting: SHB Ed Thorpe Jr.
|
0-0: Called Strike 0-1: Called Strike 0-2: Ball 1-2: Strikes out swinging
|
Batting: RHB Er Le
|
0-0: Called Strike Leo Gutierrez steals 2nd base 0-1: Fly out, F8 (Line Drive, 8LM, EV 95.6 MPH)
|
Batting: RHB Derek Moran
|
0-0: Ball 1-0: Ball 2-0: Ball 3-0: Foul Ball, location: 2F 3-1: Swinging Strike 3-2: Foul Ball, location: 2F 3-2: Strikes out looking
|
Bottom of the 4th over - 0 runs, 1 hit, 0 errors, 1 left on base; Salem-Keizer 1 - Auburn 2 |
TOP OF THE 5TH |
Salem-Keizer Volcanoes batting - Pitching for Auburn Doubledays : RHP Jayden Taylor
|
Batting: RHB Gabe Ochoa
|
0-0: Called Strike 0-1: Foul Ball, location: 2F 0-2: Ball 1-2: Foul Ball, location: 2F 1-2: Ground out 5-3 (Groundball, 5, EV 88.1 MPH)
|
Batting: RHB Willie Sanchez
|
0-0: Ground out 4-3 (Groundball, 4, EV 99.4 MPH)
|
Batting: RHB Devin Lowery
|
0-0: Ball 1-0: Foul Ball, location: 2F 1-1: Foul Ball, location: 2F 1-2: Ball 2-2: Ground out 5-3 (Groundball, 56S, EV 70.6 MPH)
|
Top of the 5th over - 0 runs, 0 hits, 0 errors, 0 left on base; Salem-Keizer 1 - Auburn 2 |
BOTTOM OF THE 5TH |
Auburn Doubledays batting - Pitching for Salem-Keizer Volcanoes : LHP Jack Klein
|
Batting: RHB Jelexiz Cuenca
|
0-0: Ball 1-0: Foul Ball, location: 2F 1-1: Called Strike 1-2: Strikes out looking
|
Batting: RHB Bobby Bricker
|
0-0: Foul Ball, location: 2F 0-1: Ball 1-1: Ball 2-1: Ball 3-1: Base on Balls
|
Pitching: RHP Kyle Rindels
|
|
Batting: RHB Tylor Cyr
|
0-0: Called Strike 0-1: Called Strike 0-2: Ball 1-2: Ball 2-2: Fly out, F7 (Flyball, 78S, EV 95.0 MPH)
|
Batting: RHB Jesus Malave
|
0-0: Ball 1-0: Ball 2-0: Foul Ball, location: 2F 2-1: Ground out 4-3 (Groundball, 4, EV 105.0 MPH)
|
Bottom of the 5th over - 0 runs, 0 hits, 0 errors, 1 left on base; Salem-Keizer 1 - Auburn 2 |
TOP OF THE 6TH |
Salem-Keizer Volcanoes batting - Pitching for Auburn Doubledays : RHP Jayden Taylor
|
Pitching: RHP Steve Schneider
|
|
Batting: RHB Troy Trice
|
0-0: Called Strike 0-1: Foul Ball, location: 2F 0-2: Foul Ball, location: 2F 0-2: SINGLE (Groundball, 56D, EV 101.9 MPH)
|
Batting: LHB Nate Conley
|
0-0: Grounds into double play, U6-3 (Groundball, 4MS, EV 90.6 MPH)
|
Batting: RHB Frank Pena
|
0-0: Ball 1-0: Called Strike 1-1: Ball 2-1: Called Strike 2-2: Foul Ball, location: 2F 2-2: SINGLE (Groundball, 25, EV 70.6 MPH) (infield hit)
|
Batting: LHB James Wheaton
|
0-0: Called Strike Frank Pena is caught stealing 2nd base 2-6
|
Top of the 6th over - 0 runs, 2 hits, 0 errors, 0 left on base; Salem-Keizer 1 - Auburn 2 |
BOTTOM OF THE 6TH |
Auburn Doubledays batting - Pitching for Salem-Keizer Volcanoes : RHP Kyle Rindels
|
Batting: RHB Deshawn Boseman
|
0-0: Ball 1-0: Ball 2-0: Ball 3-0: Base on Balls
|
Batting: RHB Leo Gutierrez
|
0-0: Foul Ball, location: 2F 0-1: Hit by Pitch Deshawn Boseman to second
|
Batting: SHB Ed Thorpe Jr.
|
0-0: Fielders Choice at 2nd, 1-6 (Groundball, 34S, EV 61.9 MPH) Deshawn Boseman to third
|
Batting: RHB Er Le
|
0-0: Ball 1-0: Called Strike Ed Thorpe Jr. steals 2nd base 1-1: Ball 2-1: DOUBLE (Line Drive, 8LD, EV 106.2 MPH) Deshawn Boseman scores Ed Thorpe Jr. scores
|
Batting: RHB Derek Moran
|
0-0: Called Strike 0-1: DOUBLE (Groundball, 3D, EV 103.8 MPH) Er Le scores
|
Pitching: RHP Mike Flynn
|
|
Batting: RHB Jelexiz Cuenca
|
0-0: Ball 1-0: Swinging Strike 1-1: Ground out 4-3 (Groundball, 34, EV 83.1 MPH) Derek Moran to third
|
Batting: RHB Bobby Bricker
|
0-0: DOUBLE (Flyball, 8LXD, EV 103.8 MPH) Derek Moran scores
|
Batting: RHB Tylor Cyr
|
0-0: Called Strike 0-1: Ball 1-1: Fly out, F7 (Flyball, 78M, EV 86.2 MPH)
|
Bottom of the 6th over - 4 runs, 3 hits, 0 errors, 1 left on base; Salem-Keizer 1 - Auburn 6 |
TOP OF THE 7TH |
Salem-Keizer Volcanoes batting - Pitching for Auburn Doubledays : RHP Steve Schneider
|
Batting: LHB James Wheaton
|
0-0: Called Strike 0-1: Reached on error, E3 (Groundball, 3, EV 84.4 MPH)
|
Batting: RHB Teruhide Horiuchi
|
0-0: Swinging Strike James Wheaton steals 2nd base 0-1: Ground out 6-3 (Groundball, 6, EV 85.6 MPH)
|
Batting: RHB Bob Schweiger
|
0-0: Ball 1-0: Ball 2-0: Called Strike 2-1: Ball 3-1: Base on Balls
|
Batting: RHB Gabe Ochoa
|
0-0: Called Strike 0-1: Grounds into double play, 6-4-3 (Groundball, 6, EV 86.9 MPH)
|
Top of the 7th over - 0 runs, 0 hits, 1 error, 1 left on base; Salem-Keizer 1 - Auburn 6 |
BOTTOM OF THE 7TH |
Auburn Doubledays batting - Pitching for Salem-Keizer Volcanoes : RHP Mike Flynn
|
Batting: RHB Jesus Malave
|
0-0: Ball 1-0: Ball 2-0: Called Strike 2-1: Ball 3-1: Base on Balls
|
Batting: RHB Deshawn Boseman
|
0-0: Ball 1-0: Foul Ball, location: 2F 1-1: Foul Ball, location: 2F 1-2: Strikes out swinging
|
Batting: RHB Leo Gutierrez
|
0-0: Ball Jesus Malave is caught stealing 2nd base 2-4 1-0: Foul Ball, location: 2F 1-1: Ball 2-1: Ball 3-1: Base on Balls
|
Batting: SHB Ed Thorpe Jr.
|
0-0: Called Strike 0-1: Called Strike 0-2: Strikes out looking
|
Bottom of the 7th over - 0 runs, 0 hits, 0 errors, 1 left on base; Salem-Keizer 1 - Auburn 6 |
TOP OF THE 8TH |
Salem-Keizer Volcanoes batting - Pitching for Auburn Doubledays : RHP Steve Schneider
|
Batting: RHB Willie Sanchez
|
0-0: Ball 1-0: Called Strike 1-1: Swinging Strike 1-2: Ball 2-2: Ball 3-2: Strikes out swinging
|
Batting: RHB Devin Lowery
|
0-0: Swinging Strike 0-1: Ball 1-1: Ball 2-1: Swinging Strike 2-2: Strikes out swinging
|
Batting: RHB Troy Trice
|
0-0: Ball 1-0: Foul Ball, location: 2F 1-1: Foul Ball, location: 2F 1-2: Foul Ball, location: 2F 1-2: Foul Ball, location: 2F 1-2: Strikes out looking
|
Top of the 8th over - 0 runs, 0 hits, 0 errors, 0 left on base; Salem-Keizer 1 - Auburn 6 |
BOTTOM OF THE 8TH |
Auburn Doubledays batting - Pitching for Salem-Keizer Volcanoes : RHP Mike Flynn
|
Batting: RHB Er Le
|
0-0: Ball 1-0: Swinging Strike 1-1: Foul Ball, location: 2F 1-2: Strikes out swinging
|
Batting: RHB Derek Moran
|
0-0: Ground out U3 (Groundball, 3L, EV 79.4 MPH)
|
Batting: RHB Jelexiz Cuenca
|
0-0: Ball 1-0: Ball 2-0: Ball 3-0: Called Strike 3-1: Ground out U3 (Groundball, 34, EV 87.5 MPH)
|
Bottom of the 8th over - 0 runs, 0 hits, 0 errors, 0 left on base; Salem-Keizer 1 - Auburn 6 |
TOP OF THE 9TH |
Salem-Keizer Volcanoes batting - Pitching for Auburn Doubledays : RHP Steve Schneider
|
Batting: LHB Nate Conley
|
0-0: Foul Ball, location: 2F 0-1: Ball 1-1: Fly out, F8 (Flyball, 8RM, EV 96.2 MPH)
|
Pitching: LHP Gregg Huddleston
|
|
Batting: RHB Frank Pena
|
0-0: Ball 1-0: Ball 2-0: Swinging Strike 2-1: Foul Ball, location: 2F 2-2: Fly out, F9 (Flyball, 9, EV 86.2 MPH)
|
Batting: LHB James Wheaton
|
0-0: Fly out, F8 (Flyball, 8RD, EV 105.0 MPH)
|
Top of the 9th over - 0 runs, 0 hits, 0 errors, 0 left on base; Salem-Keizer 1 - Auburn 6 |
|